 Dungeon Crawl Stone Soup version 0.26.1-11-gd32895ea62 (webtiles) character file.

Game seed: 9340937351591608030

2301 openice22 the Cleaver (level 9, -1/79 HPs)
             Began as a Hill Orc Fighter on June 1, 2021.
             Was a Believer of Beogh.
             Slain by a wyvern (6 damage)
             ... on level 8 of the Dungeon on June 3, 2021.
             The game lasted 01:38:45 (8085 turns).

openice22 the Cleaver (Hill Orc Fighter)            Turns: 8085, Time: 01:38:46

Health: -1/79      AC: 24    Str: 22    XL:     9   Next: 40%
Magic:  7/9        EV:  5    Int: 11    God:    Beogh [**....]
Gold:   290        SH: 10    Dex: 10    Spells: 8/8 levels left

rFire    . . .     SeeInvis .   a - +0 war axe
rCold    . . .     Faith    .   c - +0 kite shield
rNeg     + . .     Spirit   .   W - +4 plate armour
rPois    .         Reflect  .   G - +1 helmet {Int+3}
rElec    .         Harm     .   (no cloak)
rCorr    .         Rampage  .   l - +0 pair of gloves
Will     .....                  (no boots)
Stlth    ..........             U - amulet of regeneration
HPRegen  0.63/turn              A - +4 ring of protection
MPRegen  0.11/turn              T - ring of positive energy

@: no status effects
A: no striking features
a: Renounce Religion, Smiting


You were on level 8 of the Dungeon.
You worshipped Beogh.
Beogh was pleased with you.
You visited 1 branch of the dungeon, and saw 8 of its levels.

You collected 485 gold pieces.
You spent 195 gold pieces at shops.

Inventory:

Hand Weapons
 a - a +0 war axe (weapon)
 b - a +1 flail of protection
 m - a +2 scimitar
 s - a +3 mace
 v - a +1 vampiric trident
 K - a +0 shortbow
 M - a +0 morningstar
 N - a +0 falchion
 P - a +0 dagger of protection
 Q - a +0 dire flail
 R - a +0 halberd
 Y - a +0 giant spiked club
Missiles
 f - 172 stones (quivered)
 n - 57 arrows
 z - 29 bolts
 C - 27 poisoned darts
 D - 57 sling bullets
Armour
 c - a +0 kite shield (worn)
 l - a +0 pair of gloves (worn)
 G - a +1 helmet of intelligence (worn)
 S - a +3 chain mail
 W - a +4 plate armour (worn)
 X - a +0 tower shield
Jewellery
 p - an uncursed ring of willpower {unknown}
 w - an uncursed ring of resist corrosion {unknown}
 A - a +4 ring of protection (left hand)
 E - an uncursed ring of flight {unknown}
 T - a ring of positive energy (right hand)
 U - an amulet of regeneration (around neck)
 V - a cursed ring of teleportation {unknown}
Wands
 F - a wand of polymorph (20)
 Z - a wand of flame (17)
Scrolls
 e - a scroll of blinking
 g - 12 scrolls of identify {unknown}
 j - 4 scrolls of remove curse {unknown}
 k - 3 scrolls of amnesia {unknown}
 q - 6 scrolls of magic mapping {unknown}
 y - 6 scrolls of teleportation {unknown}
 B - 2 scrolls of enchant weapon {unknown}
 H - a scroll of immolation {unknown}
 I - 2 scrolls of fear {unknown}
 J - a scroll of enchant armour {unknown}
Potions
 d - 3 potions of might
 h - 3 potions of resistance {unknown}
 i - a potion of invisibility {unknown}
 r - 2 potions of mutation {unknown}
 t - a potion of haste
 L - a potion of attraction {unknown}
 O - a potion of heal wounds {unknown}


   Skills:
 + Level 7.4 Fighting
 + Level 10.7 Axes
 + Level 1.0 Throwing
 + Level 6.2 Armour
 + Level 1.0 Dodging
 + Level 0.2 Stealth
 + Level 6.5 Shields


You had 8 spell levels left.
You didn't know any spells.
Your spell library contained the following spells:

 Spells                   Type           Power        Failure   Level
 Magic Dart               Conj           0%           100%        1
 Blink                    Tloc           N/A          100%        2
 Call Imp                 Summ           0%           100%        2
 Slow                     Hex            0%           100%        2
 Conjure Flame            Conj/Fire      0%           100%        3
 Mephitic Cloud           Conj/Pois/Air  0%           100%        3


Dungeon Overview and Level Annotations

Branches:
Dungeon (8/15)             Temple (0/1) D:4
   Lair: D:8-11

Altars:
Cheibriados
Elyvilon
Fedhas
Gozag
Nemelex Xobeh
Okawaru
Sif Muna
Trog
Uskayaw
Vehumet
Wu Jian
Xom
Yredelemnul
Zin
The Shining One

Shops:
D:6 [

Annotations:
D:1 explored. theres a shaft here
D:2 trap door up is here. trap door down is here.
D:3 Explored
D:4 Explored
D:5 Explored. Quite a bit of loot lying around
D:6 Explored. Potions and nets and other loot
D:7 Explored. Plenty of loot
D:8 2 runed translucent doors, Prince Ribbit


Message History

The black bear growls angrily.
You hear a bark!
The phantom hits you but does no damage.
Prince Ribbit hits you.
* * * LOW HITPOINT WARNING * * *
The phantom hits you but does no damage.
An orc comes into view.
The phantom blinks!
Prince Ribbit blinks!
The phantom hits you but does no damage.
Prince Ribbit blinks!
You block the wyvern's attack. The water moccasin barely misses you.
You closely miss the phantom. You hit the wyvern. You hit the water moccasin.
You block the wyvern's attack.
The water moccasin bites you but does no damage.
You block the phantom's attack. The adder bites you but does no damage.
The wyvern bites you but does no damage.
You block the phantom's attack. The water moccasin bites you.
* * * LOW HITPOINT WARNING * * *
You block the phantom's attack. The wyvern bites you.
You die... ### ######.# #.<....# ##...).# #...)<# #...))# h. #...@.# ... ##.Wl## hhhH##.SSo#

++###.Soh.######
....F...o##.....
........h.......
................
#####...o.......
.......)........


You could see Prince Ribbit, a phantom, an orc warrior, 2 water moccasins, 2
black bears, a wyvern, an orc priest, an adder and 2 orcs.

Vanquished Creatures
  A water moccasin (D:7)
  An ice beast (D:6)
  2 phantoms
  A sky beast (D:5)
  5 ogres
  A centaur (D:4)
  A bullfrog (D:7)
  A scorpion (D:7)
  5 wights (D:8)
  A howler monkey (D:5)
  A jelly (D:7)
  6 orc priests
  Crazy Yiuf (D:2)
  A hound (D:6)
  Jessica (D:2)
  Ijyb (D:3)
  5 worker ants
  7 orc wizards
  2 hound skeletons
  A hound zombie (D:5)
  A mummy (D:6)
  A howler monkey skeleton (D:4)
  4 gnolls (D:5)
  8 adders
  2 white imps
  2 ufetubi
  An adder zombie (D:5)
  5 worms
  2 dart slugs
  2 leopard geckos
  26 orcs
  A ball python (D:4)
  5 giant cockroaches
  5 goblins
  12 hobgoblins
  13 jackals
  7 kobolds
  3 quokkas
  8 bats
  10 frilled lizards
  12 rats
175 creatures vanquished.

Vanquished Creatures (others)
  2 orcs (D:3)
  2 fungi (D:8)
  9 plants (D:8)
13 creatures vanquished.

Grand Total: 188 creatures vanquished

Notes
Turn   | Place    | Note
-------+----------+-------------------------------------------
     0 | D:1      | openice22 the Hill Orc Fighter began the quest for the Orb.
     0 | D:1      | Reached XP level 1. HP: 19/19 MP: 1/1
   254 | D:1      | Reached XP level 2. HP: 27/27 MP: 2/2
   343 | D:1      | Reached skill level 3 in Axes
   558 | D:1      | Reached XP level 3. HP: 30/33 MP: 3/3
  1295 | D:2      | Reached XP level 4. HP: 40/40 MP: 4/4
  1452 | D:2      | Found a runed translucent door.
  1453 | D:2      | Noticed Crazy Yiuf
  1462 | D:2      | Killed Crazy Yiuf
  1671 | D:2      | Found a glowing silver altar of Zin.
  1824 | D:2      | Reached skill level 4 in Axes
  1875 | D:2      | Noticed Jessica
  1894 | D:2      | Killed Jessica
  1895 | D:2      | Reached skill level 1 in Throwing
  1895 | D:2      | Reached XP level 5. HP: 46/46 MP: 5/5
  1906 | D:2      | Found a white marble altar of Elyvilon.
  2071 | D:2      | Found an ornate altar of the Wu Jian Council.
  3088 | D:3      | Noticed Ijyb
  3092 | D:3      | Killed Ijyb
  3213 | D:3      | Became a worshipper of Beogh the Brigand
  3464 | D:4      | Reached skill level 5 in Fighting
  3464 | D:4      | Reached XP level 6. HP: 56/56 MP: 6/6
  3606 | D:4      | Got an encrusted falchion
  3619 | D:4      | Reached skill level 5 in Axes
  3988 | D:4      | Reached * piety under Beogh
  3993 | D:4      | Reached skill level 6 in Axes
  3993 | D:4      | Reached XP level 7. HP: 34/61 MP: 7/7
  4128 | D:4      | Found a staircase to the Ecumenical Temple.
  4547 | D:5      | Entered Level 5 of the Dungeon
  4795 | D:5      | Reached skill level 7 in Axes
  5074 | D:5      | Reached skill level 5 in Armour
  5074 | D:5      | Reached skill level 5 in Shields
  5130 | D:5      | Found a shimmering blue altar of Sif Muna.
  5184 | D:5      | Got a spiked ring mail
  5192 | D:5      | Reached XP level 8. HP: 35/70 MP: 8/8
  5301 | D:5      | Reached ** piety under Beogh
  5744 | D:6      | Found Losootiu's Antique Armour Boutique.
  5779 | D:6      | Bought a shiny helmet for 195 gold pieces
  5840 | D:6      | Found an iron altar of Okawaru.
  5844 | D:6      | Found a snail-covered altar of Cheibriados.
  5853 | D:6      | Reached skill level 8 in Axes
  5952 | D:6      | Found a snail-covered altar of Cheibriados.
  6259 | D:6      | Reached skill level 9 in Axes
  6322 | D:6      | Found a radiant altar of Vehumet.
  6334 | D:6      | Found a hide-covered altar of Uskayaw.
  6454 | D:6      | Found a bloodstained altar of Trog.
  6456 | D:6      | Found an opulent altar of Gozag.
  6460 | D:6      | Found a basalt altar of Yredelemnul.
  6838 | D:7      | Found a shimmering blue altar of Sif Muna.
  6841 | D:7      | Found an ornate altar of the Wu Jian Council.
  6841 | D:7      | Found a glowing silver altar of Zin.
  6849 | D:7      | Reached XP level 9. HP: 78/79 MP: 9/9
  6850 | D:7      | Found a shimmering altar of Xom.
  6850 | D:7      | Found a sparkling altar of Nemelex Xobeh.
  6850 | D:7      | Found an opulent altar of Gozag.
  7183 | D:7      | Found a blossoming altar of Fedhas.
  7216 | D:7      | Reached skill level 10 in Axes
  7619 | D:7      | Found a glowing golden altar of the Shining One.
  8031 | D:8      | Reached skill level 1 in Dodging
  8053 | D:8      | Found a huge runed translucent gate.
  8055 | D:8      | Noticed a manticore
  8055 | D:8      | Noticed a polar bear
  8058 | D:8      | Noticed Prince Ribbit
  8074 | D:8      | HP: 1/79 [orc wizard/puff of flame (8)]
  8076 | D:8      | Found a huge runed translucent gate.
  8076 | D:8      | Noticed a polar bear
  8085 | D:8      | Slain by a wyvern

Illustrated notes

Levels and vault maps discovered:
D:1:      lightli_arrival_boilingwater, layout_loops_ring, hangedman_glass_teeth
D:2:      layout_loops_corners, elyvilon_altar_3, lemuel_doored_altar,
          lemuel_crystal_altar, dk_vineyard_2, uniq_jessica,
          uniq_crazy_yiuf_cottage
D:3:      layout_loops_cross, uniq_ijyb
D:4:      layout_loops_cross, minmay_temple_entry_crystal_x,
          grunt_decor_mini_mirrors, dk_noncrumbling_3
D:5:      layout_loops_ring, minmay_door_square, chequers_serial_rivers_micro_d,
          led_sif_pool
D:6:      layout_basic, vehumet_crystals, kennysheep_mini,
          grunt_temple_overflow_diamond, grunt_temple_overflow_open,
          serial_shops, nicolae_shop_crystal, chei_slow_surprise
D:7:      layout_loops_corners, fedhas_altar_2, doesnt_xom_only_xom,
          lemuel_coloured_pillars_altar, minmay_misc_feat_rows,
          kennysheep_generic_room_14
D:8:      lemuel_bear_cage, layout_gridville, minmay_lair_entry_grove,
          minmay_shop_damaged, amcnicky_altar_gilded, uniq_prince_ribbit1

Skill      XL: |  1  2  3  4  5  6  7  8  9 |
---------------+----------------------------+-----
Axes           | 3 4 6 7 9 10 | 10.7
Fighting       | 4 5 6 7 |  7.4
Shields        | 4 5 6 |  6.5
Armour         | 4 5 6 |  6.2
Throwing       | 1 |  1.0
Dodging        | 1 |  1.0
Stealth        | |  0.2

Action                   |  1- 3 |  4- 6 |  7- 9 || total
-------------------------+-------+-------+-------++-------
Melee: War axe           |   107 |   189 |   321 ||   617
Throw: Stone             |       |     6 |       ||     6
Invok: Convert to Beogh  |       |     1 |       ||     1
       Smiting           |       |       |     1 ||     1
  Use: Scroll            |       |     1 |       ||     1
       Potion            |       |       |     2 ||     2
Armor: Scale mail        |    61 |    51 |       ||   112
       Chain mail        |       |    79 |       ||    79
       Skin              |       |     1 |       ||     1
       Plate armour      |       |       |   247 ||   247
Dodge: Dodged            |    48 |    38 |    69 ||   155
Block: Kite shield       |    79 |    89 |   196 ||   364
